 Dungeon Crawl Stone Soup version 0.31-a0-161-gb58dd9be76 (webtiles) character file.

Game seed: 3119893597792398556

653 qw the Shooter (level 7, -1/43 HPs)
             Began as a Gargoyle Hunter on June 12, 2023.
             Slain by a gnoll
             ... wielding a +0 club
             ... led by a gnoll bouda
              (3 damage)
             ... on level 5 of the Dungeon.
             The game lasted 00:01:30 (4182 turns).

qw the Shooter (Gargoyle Hunter)                    Turns: 4182, Time: 00:01:31

Health: -1/43      AC:  9    Str: 14    XL:     7   Next: 54%
Magic:  7/7        EV: 12    Int: 10    God:
Gold:   262        SH:  0    Dex: 15    Spells: 6/6 levels left

rFire   . . .        Y - +0 shortbow (chaos)
rCold   . . .        (shield currently unavailable)
rNeg    + . .        c - +0 leather armour
rPois   inf          e - +0 helmet
rElec   +            (no cloak)
rCorr   +            (no gloves)
SInv    .            (no boots)
Will    .....        (no amulet)
Stlth   ++           b - ring of resist corrosion
HPRegen 0.27/turn    (no ring)
MPRegen 0.10/turn

%: no passive effects
@: about to teleport
A: sickness immunity, AC +4, negative energy resistance 1, electricity
resistance, torment resistance 1, petrification resistance
a: no special abilities


You were on level 5 of the Dungeon.
You visited 2 branches of the dungeon, and saw 6 of its levels.

You collected 262 gold pieces.


Innate Abilities, Weirdness & Mutations

You are immune to sickness and miasma.
Your stone body is resilient. (AC +4)
You are immune to poison.
You resist negative energy. (rN+)
You are resistant to electric shocks. (rElec)
You are resistant to unholy torment.
You are immune to petrification.


   Skills:
 - Level 4.2 Fighting
 + Level 7.2 Ranged Weapons
 - Level 3.0 Armour
 - Level 2.5 Dodging
 - Level 1.1 Stealth


You had 6 spell levels left.
You didn't know any spells.
Your spell library was empty.

Inventory:

Hand Weapons
 d - a +0 sling
 Y - a +0 shortbow of chaos (weapon)
Armour
 c - a +0 leather armour (worn)
 e - a +0 helmet (worn)
Jewellery
 b - a ring of resist corrosion (left hand)
 n - a ring of ice
Scrolls
 a - a scroll of identify
 l - a scroll of amnesia {unknown}
Potions
 f - 3 potions of curing
 g - 2 potions of brilliance {unknown}
 i - a potion of haste
 j - a potion of enlightenment {unknown}
 k - a potion of lignification {unknown}
 m - a potion of attraction {unknown}

Dungeon Overview and Level Annotations

Branches:
Dungeon (5/15)             Temple (1/1) D:4

Altars:
Ashenzari
Dithmenos
Fedhas
Gozag
Hepliaklqana
Kikubaaqudgha
Makhleb
Nemelex Xobeh
Qazlal
Ru
Trog
Uskayaw
Vehumet
Xom
Yredelemnul
The Shining One

Annotations:
D:3 1 transporter, qw's ghost, amateur NaHu


Message History

A gnoll comes into view. It is wielding a +0 whip.
You struggle against the net.
You shred the net and break free!
A gnoll comes into view. It is wielding a +0 whip.
You shoot an arrow. The gnoll shouts!
The arrow hits the gnoll.
The gnoll seems to grow stronger.
The gnoll is lightly wounded.
A gnoll comes into view. It is wielding a +0 halberd.
The gnoll barely misses you. The gnoll hits you but does no damage.
The gnoll hits you with a +0 club.
You shoot an arrow. The gnoll shouts!
The arrow hits the gnoll.
The gnoll is moderately wounded.
The gnoll bouda gazes fiercely through you!
You feel your attacks grow feeble. The gnoll closely misses you.
You shoot an arrow. The arrow barely misses the gnoll.
The gnoll barely misses you. The gnoll hits you with a +0 club.
You shoot an arrow. The arrow completely misses the gnoll.
The gnoll hits you with a +0 club! The gnoll closely misses you.
The gnoll bouda calls upon its god to heal the gnoll.
The gnoll's wounds heal themselves!
You shoot an arrow. The arrow hits the gnoll bouda.
The gnoll bouda is lightly wounded.
The gnoll hits you with a +0 club! The gnoll barely misses you.
The gnoll misses you.
The gnoll bouda hits you with a +0 club!
You shoot an arrow.
The arrow closely misses the gnoll bouda.
The arrow barely misses the gnoll.
Your attacks no longer feel as feeble.
The gnoll hits you with a +0 club! The gnoll closely misses you.
The gnoll misses you. The gnoll bouda barely misses you.
4182 ||| READING scroll of teleportation.
As you read the scroll of teleportation, it crumbles to dust.
You feel strangely unstable. The gnoll hits you with a +0 club!
The gnoll hits you with a +0 club.
You die...

#...# #...#
##..## #...#
##...# .##
#....# ....#
#...##
.....g##...#
.....gg@...#
.....ggg...#
...........#
..%......>.#
...........#
........#..#
.......##..#
...)..# #.#


You could see a gnoll bouda and 5 gnolls.

Vanquished Creatures
  An ice beast (D:5)
  An ogre (D:4)
  Blork the orc (D:4)
  A howler monkey (D:5)
  2 gnoll boudas (D:5)
  A sleepcap (D:5)
  Ijyb (D:3)
  An orc wizard (D:5)
  Robin (D:3)
  8 gnolls (D:5)
  6 adders
  3 dart slugs
  7 orcs
  7 ball pythons
  8 bats
  4 giant cockroaches
  17 goblins
  7 hobgoblins
  2 jackals (D:3)
  7 kobolds
  5 quokkas
  3 frilled lizards
  7 rats
101 creatures vanquished.

Notes
Turn   | Place    | Note
-------+----------+-------------------------------------------
     0 | D:1      | qw the Gargoyle Hunter began the quest for the Orb.
     0 | D:1      | Reached XP level 1. HP: 12/12 MP: 1/1
     0 | D:1      | 0 ||| qw: Version: 0.2-a-29-gc1b59c4
     0 | D:1      | 0 ||| qw: Game counter: 4209
     0 | D:1      | 0 ||| qw: Always use a shield: true
     0 | D:1      | 0 ||| qw: God list: Okawaru
     0 | D:1      | 0 ||| qw: Allow faded altars: false
     0 | D:1      | 0 ||| qw: Do Orc after D:15 true
     0 | D:1      | 0 ||| qw: Do second Lair branch before Depths: true
     0 | D:1      | 0 ||| qw: Lair rune preference: random
     0 | D:1      | 0 ||| qw: Plans: Normal, Zot:1-4, Slime:5, God:TSO, Crypt,
                  | Tomb, Abyss, Pan, Hells, Win
     0 | D:1      | 0 ||| PLANNING D:1-11
   150 | D:1      | Reached XP level 2. HP: 17/17 MP: 2/2
   699 | D:1      | 699 ||| READING 2 scrolls labelled EMORIZA YMYX.
   700 | D:1      | 700 ||| READING scroll labelled QERAID WEIGE.
   701 | D:1      | 701 ||| READING scroll labelled QAF USMARODIPN.
   702 | D:1      | 702 ||| DROPPING scroll of noise.
   703 | D:1      | 703 ||| DROPPING scroll of butterflies.
   789 | D:2      | Reached XP level 3. HP: 19/21 MP: 3/3
   837 | D:2      | Reached skill level 5 in Ranged Weapons
   936 | D:2      | Reached skill level 3 in Fighting
  1008 | D:2      | Reached XP level 4. HP: 27/28 MP: 4/4
  1371 | D:2      | 1371 ||| READING scroll labelled MAEK CEASYSORIFAYD.
  1372 | D:2      | 1372 ||| READING scroll labelled IGOSHR GIK XEN.
  1373 | D:2      | 1373 ||| READING scroll labelled GECZAY HUMIUF.
  1374 | D:2      | 1374 ||| READING scroll labelled RIOTSE CITARR.
  1375 | D:2      | 1375 ||| READING scroll labelled DUCYHE XOCUNIV.
  1380 | D:2      | 1380 ||| DRINKING 2 pink potions.
  1381 | D:2      | 1381 ||| READING 2 scrolls of identify.
  1381 | D:2      | 1381 ||| IDENTIFYING bubbling dark potion
  1473 | D:3      | Found a transporter.
  1476 | D:3      | Noticed qw's ghost (amateur NaHu)
  1482 | D:3      | Identified the +2 dire flail "Vuzxuwn" {flame, Contam rElec
                  | rPois SInv}
  1482 | D:3      | Noticed an ogre
  1483 | D:3      | Noticed an ogre
  1638 | D:3      | Noticed Robin
  1638 | D:3      | Noticed Ijyb
  1648 | D:3      | HP: 6/28 [goblin/+0 dagger[Robin] (4)]
  1649 | D:3      | 1649 ||| DRINKING potion of heal wounds.
  1657 | D:3      | Killed Ijyb
  1662 | D:3      | Reached XP level 5. HP: 25/32 MP: 5/5
  1670 | D:3      | Killed Robin
  1671 | D:3      | Reached skill level 6 in Ranged Weapons
  2366 | D:3      | 2366 ||| UPGRADING to +0 helmet.
  2371 | D:3      | 2371 ||| UPGRADING to ring of resist corrosion.
  2372 | D:3      | 2372 ||| READING 2 scrolls of identify.
  2372 | D:3      | 2372 ||| IDENTIFYING murky yellow potion
  2373 | D:3      | 2373 ||| DROPPING potion of invisibility.
  2436 | D:4      | Found a radiant altar of Vehumet.
  2533 | D:4      | Noticed an ogre
  2540 | D:4      | Killed an ogre
  2541 | D:4      | Reached skill level 3 in Armour
  2541 | D:4      | Reached XP level 6. HP: 37/37 MP: 6/6
  2556 | D:4      | Found a staircase to the Ecumenical Temple.
  2557 | D:4      | 2557 ||| PLANNING TEMPLE
  2568 | Temple   | Entered the Ecumenical Temple
  2640 | Temple   | 2640 ||| PLANNING D:1-11
  2716 | D:4      | Found a burning altar of Makhleb.
  2725 | D:4      | Found a hazy altar of Hepliaklqana.
  2875 | D:4      | Found a hide-covered altar of Uskayaw.
  2933 | D:4      | Noticed Blork the orc
  2941 | D:4      | Killed Blork the orc
  3399 | D:4      | 3399 ||| READING scroll labelled ECWUIRAXTU.
  3411 | D:5      | Entered Level 5 of the Dungeon
  3494 | D:5      | 3494 ||| FLEEEEING.
  3496 | D:5      | 3496 ||| FLEEEEING.
  3497 | D:5      | 3497 ||| FLEEEEING.
  3498 | D:5      | 3498 ||| FLEEEEING.
  3499 | D:5      | 3499 ||| FLEEEEING.
  3500 | D:5      | 3500 ||| FLEEEEING.
  3544 | D:5      | 3544 ||| FLEEEEING.
  3545 | D:5      | 3545 ||| FLEEEEING.
  3546 | D:5      | 3546 ||| FLEEEEING.
  3558 | D:5      | Reached XP level 7. HP: 29/43 MP: 7/7
  3808 | D:5      | 3808 ||| FLEEEEING.
  3812 | D:5      | 3812 ||| FLEEEEING.
  3813 | D:5      | 3813 ||| FLEEEEING.
  3814 | D:5      | 3814 ||| FLEEEEING.
  3825 | D:5      | Reached skill level 7 in Ranged Weapons
  4181 | D:5      | HP: 10/43 [gnoll/+0 club[a gnoll bouda] (8)]
  4182 | D:5      | 4182 ||| READING scroll of teleportation.
  4182 | D:5      | HP: 2/43 [gnoll/+0 club[a gnoll bouda] (8)]
  4182 | D:5      | Slain by a gnoll

Levels and vault maps discovered:
D:1:      dpeg_arrival_three_smaller_balls, layout_basic,
          minmay_misc_feat_rugged
D:2:      layout_loops_cross, minmay_liquid_box
D:3:      layout_basic, gammafunk_ghost_smash, minmay_quadrilaterals,
          uniq_robin, uniq_ijyb
D:4:      layout_basic, amethyst_overflow_temple_binary,
          mainiacjoe_overflow_24_doors, marbit_many_paths,
          minmay_temple_entry_purple_smoke, uniq_blork_the_orc
D:5:      layout_cave_pods, uniq_menkaure
Temple:   nicolae_temple_hex_pool

Skill      XL: |  1  2  3  4  5  6  7 |
---------------+----------------------+-----
Ranged Weapons | 5 6 7 |  7.2
Fighting       | 3 4 |  4.2
Armour         | 3 |  3.0
Dodging        | 2 |  2.5
Stealth        | |  1.1

Action                     |  1- 3 |  4- 6 |  7- 9 || total
---------------------------+-------+-------+-------++-------
  Melee: Unarmed           |       |    18 |       ||    18
   Fire: Shortbow          |   112 |   127 |    75 ||   314
    Use: Scroll            |     3 |     8 |     1 ||    12
         Potion            |       |     2 |       ||     2
 Armour: Leather armour    |    19 |    25 |    16 ||    60
         Skin              |       |    21 |       ||    21
  Dodge: Dodged            |    35 |    87 |    30 ||   152

Table legend:
 A = Non-vault XP
 B = Vault XP
 C = Vault XP percentage of total XP
 D = Non-vault monster count
 E = Vault monster count
 F = Vault count percentage of total count
                 A         B        C        D         E       F
            +---------+---------+-------+---------+---------+-------
      Total |     756 |     177 |  19.0 |      79 |      22 |  21.8
            +---------+---------+-------+---------+---------+-------
        D:1 |      31 |       0 |   0.0 |      17 |       0 |   0.0
        D:2 |      65 |       0 |   0.0 |      19 |       0 |   0.0
        D:3 |      46 |      83 |  64.3 |      14 |      20 |  58.8
        D:4 |     147 |      94 |  39.0 |       8 |       2 |  20.0
        D:5 |     467 |       0 |   0.0 |      21 |       0 |   0.0
            +---------+---------+-------+---------+---------+-------
